Map: [ESL] Inside and Out

Players

Clem - Winner!

  • Race: Terran Terran
  • Spawn Location: 1:00

goblin

  • Race: Protoss Protoss
  • Spawn Location: 7:00

Event: DreamHack SC2 Masters 2022 Atlanta (Online)

VOD

Have the link to the VOD?

Description

Time

  • Played on: Oct. 5, 2022, 12:46 p.m.
  • Length: 3:54

All games in this series

Show
View Real Time Build Order
Export as new Build Order

Clem Terran - Winner!

Build Orders: Gas First Reaper Expand 

Get SALT Encoding   

  12  0:00  SCV  
  13  0:12  SCV  
  14  0:16  Supply Depot  
  14  0:24  SCV  
  14  0:27  Refinery  
  15  0:38  SCV  
  16  0:44  Barracks  
  16  0:50  SCV  
  17  1:02  SCV  
  18  1:14  SCV  
  19  1:30  Reaper, Orbital Command  
  20  1:51  Command Center  
  20  1:57  Bunker, SCV  
  21  2:07  Factory  
  21  2:09  Barracks Reactor  
  21  2:12  SCV  
  22  2:18  Supply Depot  
  22  2:25  SCV  
  23  2:30  Refinery  
  23  2:40  SCV  
  24  2:52  SCV, Starport  
  24  2:57  Hellion x2  
  29  3:04  SCV  
  29  3:05  Orbital Command  
  30  3:08  Barracks Tech Lab  
  30  3:18  SCV  
  31  3:21  Hellion  
  31  3:22  Hellion  
  35  3:30  SCV  
  35  3:32  SCV  
  39  3:38  Supply Depot  
Show
View Real Time Build Order
Export as new Build Order

goblin Protoss 

Build Orders: 1 Gate Expand 

Get SALT Encoding   

  12  0:00  Probe  
  13  0:12  Probe  
  14  0:17  Pylon  
  14  0:24  Probe (Chrono Boost)  
  16  0:36  Gateway, Probe (Chrono Boost)  
  16  0:43  Probe (Chrono Boost)  
  16  0:45  Assimilator  
  17  0:50  Probe  
  18  1:03  Probe  
  19  1:15  Probe  
  20  1:22  Nexus  
  20  1:32  Cybernetics Core  
  20  1:36  Probe  
  21  1:42  Assimilator  
  21  1:48  Probe  
  22  1:54  Pylon  
  22  2:00  Probe  
  23  2:08  Warp Gate, Probe  
  23  2:09  Adept (Chrono Boost)  
  26  2:16  Probe  
  26  2:22  Twilight Council  
  27  2:26  Probe  
  28  2:36  Stalker  
  29  2:38  Probe  
  29  2:43  Probe  
  31  2:48  Shield Battery  
  31  2:50  Probe  
  32  2:56  Probe  
  33  3:06  Probe  
  33  3:11  Probe  
  35  3:18  Probe (Chrono Boost)  
  36  3:23  Probe (Chrono Boost)  
  37  3:30  Probe (Chrono Boost)  
  41  3:35  Probe (Chrono Boost)  
  41  3:38  Probe (Chrono Boost)  
  41  3:40  Probe (Chrono Boost)  
Tags
 
Add a new tag
Caveats
  • Supply blocks, unpowered buildings, or Contaminate may cause inaccurate times.
  • Supply counts are checked every 10 seconds.